 Dungeon Crawl Stone Soup version 0.22.1-1-ga44c0e56f4 (webtiles) character file.

277 Edgeworth the Covert (level 6, -1/30 HPs)
             Began as a Vine Stalker Assassin on Oct 10, 2018.
             Was an Initiate of Ashenzari.
             Killed from afar by an orc wizard (8 damage)
             ... with a magic dart
             ... on level 4 of the Dungeon.
             The game lasted 00:05:44 (2382 turns).

Edgeworth the Covert (Vine Stalker Assassin)        Turns: 2382, Time: 00:05:44

Health: -1/30      AC:  8    Str: 14    XL:     6   Next: 25%
Magic:  0/7        EV: 11    Int: 11    God:    Ashenzari [......]
Gold:   195        SH:  0    Dex: 17    Spells: 5/5 levels left

rFire    . . .     SeeInvis .   a - +2 dagger
rCold    . . .     Gourm    .   (no shield)
rNeg     . . .     Faith    .   c - +0 robe
rPois    .         Spirit   +   (no helmet)
rElec    .         Reflect  .   d - +0 cloak
rCorr    .         Harm     .   (no gloves)
MR       .....                  t - +0 pair of boots (curse)
Stlth    ++++......             (no amulet)
HPRegen  0.50/turn              p - +4 ring of protection (curse)
MPRegen  0.10/turn              (no ring)

@: no status effects
A: fangs 2, regeneration 1, magic shield, antimagic bite, no potion heal 3, rot
immunity
a: Curse Item, Renounce Religion


You were on level 4 of the Dungeon.
You worshipped Ashenzari.
Ashenzari was noncommittal.
You were not hungry.

You visited 1 branch of the dungeon, and saw 4 of its levels.

You collected 195 gold pieces.

Inventory:

Hand Weapons
 a - a +2 dagger (weapon)
 b - a +0 blowgun
Missiles
 e - 24 poisoned needles
 f - 2 curare-tipped needles
Armour
 c - a +0 robe (worn)
 d - a +0 cloak (worn)
 t - a cursed +0 pair of boots (worn)
Jewellery
 p - a cursed +4 ring of protection (left hand)
Scrolls
 h - 3 scrolls of teleportation {unknown}
 i - 2 scrolls of amnesia {unknown}
 k - a scroll of remove curse
 o - a scroll of magic mapping {unknown}
 s - a scroll of identify {unknown}
Potions
 j - a potion of cancellation {unknown}
 l - 2 potions of invisibility {unknown}
 m - a potion of haste {unknown}
 n - a potion of agility {unknown}
 q - a potion of curing {unknown}
 r - a potion of lignification {unknown}
Comestibles
 g - 4 rations
 u - a chunk of flesh


   Skills:
 - Level 1.7 Fighting
 - Level 1.7 Short Blades
 - Level 1.7 Throwing
 - Level 0.7 Dodging
 + Level 9.4 Stealth


You had 5 spell levels left.
You didn't know any spells.
Your spell library was empty.

Dungeon Overview and Level Annotations

Branches:
Dungeon (4/15)
 Temple: D:4-7

Altars:
Ashenzari
Qazlal
Zin


Innate Abilities, Weirdness & Mutations

You have extremely sharp teeth.
Your natural rate of healing is unusually fast.
When hurt, damage is shared between your health and your magic reserves.
Your bite disrupts and absorbs the magic of your enemies.
Potions cannot restore your health.
You are immune to rotting.


Message History

The orc priest is severely wounded.
The orc wizard barely misses you.
You hit the orc priest but do no damage.
Your bite misses the orc priest.
The orc priest is severely wounded.
The orc wizard hits you but does no damage.
The orc priest hits you with a falchion!
The orc wizard casts a spell at you. The magic dart hits you!
You hit the orc priest. Your bite misses the orc priest.
The orc priest is severely wounded.
The orc priest invokes the aid of Beogh against you.
Beogh smites you!
* * * LOW HITPOINT WARNING * * *
The orc wizard hits you but does no damage.
You hit the orc priest but do no damage.
The orc priest is severely wounded.
The orc wizard gestures at you while chanting.
The magic dart hits you!
You die...

#####.###..#
#..........#
#..........#
#............#
..#+######...#
. #.....##...#
#.....#....+
#.....#....#
#.o@o.#....#
#..)).'....#
.........######
#####......
+........
#..........
#..........
########+##


You could see an orc priest and an orc wizard.

Vanquished Creatures
  An ogre (D:4)
  An orc wizard (D:4)
  A worker ant (D:2)
  2 adders
  3 oozes
  2 worms (D:2)
  2 dart slugs
  15 orcs
  6 bats
  3 giant cockroaches
  10 goblins
  9 hobgoblins
  7 jackals
  2 quokkas
  4 frilled lizards
  11 kobolds
  4 rats
83 creatures vanquished.

Notes
Turn   | Place    | Note
-------+----------+-------------------------------------------
     0 | D:1      | Edgeworth the Vine Stalker Assassin began the quest for the
                  | Orb.
     0 | D:1      | Reached XP level 1. HP: 11/11 MP: 2/2
    10 | D:1      | Reached skill level 5 in Stealth
    37 | D:1      | Reached XP level 2. HP: 9/15 MP: 1/3
   110 | D:1      | Reached skill level 6 in Stealth
   158 | D:1      | Reached XP level 3. HP: 12/18 MP: 4/4
  1073 | D:2      | Reached skill level 7 in Stealth
  1073 | D:2      | Gained mutation: Your natural rate of healing is unusually
                  | fast. [Vine Stalker growth]
  1073 | D:2      | Reached XP level 4. HP: 3/23 MP: 0/5
  1412 | D:2      | Found a glowing silver altar of Zin.
  1667 | D:3      | Found a shattered altar of Ashenzari.
  1687 | D:3      | Became a worshipper of Ashenzari the Shackled
  1771 | D:3      | Reached XP level 5. HP: 26/26 MP: 6/6
  1858 | D:3      | Found a stormy altar of Qazlal.
  2014 | D:3      | Reached skill level 8 in Stealth
  2241 | D:4      | Noticed an ogre
  2246 | D:4      | Killed an ogre
  2246 | D:4      | Reached skill level 9 in Stealth
  2262 | D:4      | Reached XP level 6. HP: 30/30 MP: 7/7
  2382 | D:4      | Killed from afar by an orc wizard

Skill      XL: |  1  2  3  4  5 |
---------------+----------------+-----
Stealth        | 5 6 7 9 |  9.4
Fighting       | |  1.7
Short Blades   | |  1.7
Throwing       | |  1.7
Dodging        | |  0.7

Action                   |  1- 3 |  4- 6 || total
-------------------------+-------+-------++-------
Melee: Dagger            |    90 |   117 ||   207
       Bite              |    20 |    17 ||    37
Invok: Curse Item        |       |     2 ||     2
 Stab: Sleeping          |    11 |    25 ||    36
  Eat: Chunk             |       |     5 ||     5
Armor: Robe              |    15 |    24 ||    39
Dodge: Dodged            |    39 |    43 ||    82
